LBL
SAN JOSE MARINERS @ SAN JUAN JIBAROS
06/22/2111
 
TOP OF THE 1ST
Guadalajara Hurricanes batting - Pitching for San Jose Mariners : LHP Mel Rivas
Pitching: LHP Mel Rivas
Batting: RHB Giambattista Ardinghi 0-0: Ground out 5-3 (Groundball, 5, EV 97.5 MPH)
Batting: RHB Muhammed Kwasi 0-0: Ball
1-0: Ball
2-0: Ball
3-0: Base on Balls
Batting: LHB Carlos Palacios 0-0: Ball
1-0: Foul Ball, location: 7LDF
1-1: Swinging Strike
1-2: Hit by Pitch
Muhammed Kwasi to second
Batting: LHB Ewan Roberts 0-0: Called Strike
0-1: Fielders Choice at 2nd, 4-6 (Groundball, 4, EV 85.0 MPH)
Muhammed Kwasi to third
Batting: SHB Danny Rodriguez 0-0: Called Strike
0-1: Ball
1-1: Fly out, F9 (Flyball, 9S, EV 83.8 MPH)
Top of the 1st over - 0 runs, 0 hits, 0 errors, 2 left on base; Guadalajara 0 - San Jose 0
BOTTOM OF THE 1ST
San Jose Mariners batting - Pitching for Guadalajara Hurricanes : RHP Andres Vega
Pitching: RHP Andres Vega
Batting: LHB Alex Cruz 0-0: Called Strike
0-1: Swinging Strike
0-2: Foul Ball, location: 5FF
0-2: Foul Ball, location: 25FF
0-2: SINGLE (Line Drive, 34, EV 93.8 MPH)
Batting: LHB Angel Lucatero 0-0: Ball
1-0: Called Strike
1-1: Ball
2-1: Sac Bunt to 13 - play at first, batter OUT! 1-3
Alex Cruz to second
Batting: LHB Dave Baca 0-0: Called Strike
0-1: Ball
1-1: Called Strike
1-2: Strikes out swinging
Batting: RHB Omar Ornelas 0-0: Ball
1-0: Swinging Strike
1-1: SINGLE (Groundball, 56S, EV 68.1 MPH) (infield hit)
Alex Cruz to third
Batting: RHB Kieron Harper 0-0: Ball
1-0: Fly out, F6 (Popup, 6MD, EV 68.8 MPH)
Bottom of the 1st over - 0 runs, 2 hits, 0 errors, 2 left on base; Guadalajara 0 - San Jose 0
TOP OF THE 2ND
Guadalajara Hurricanes batting - Pitching for San Jose Mariners : LHP Mel Rivas
Batting: LHB Tony Becerril 0-0: Ball
1-0: Swinging Strike
1-1: Fly out, F8 (Line Drive, 78M, EV 99.4 MPH)
Batting: RHB Carlos Madera 0-0: Called Strike
0-1: Swinging Strike
0-2: Fly out, F3 (Popup, 3, EV 78.8 MPH)
Batting: LHB Elias Antona 0-0: Ball
1-0: SINGLE (Line Drive, 8RS, EV 90.0 MPH)
Batting: RHB Frank Garcia 0-0: Ball
Elias Antona is caught stealing 2nd base 2-4
Top of the 2nd over - 0 runs, 1 hit, 0 errors, 0 left on base; Guadalajara 0 - San Jose 0
BOTTOM OF THE 2ND
San Jose Mariners batting - Pitching for Guadalajara Hurricanes : RHP Andres Vega
Batting: RHB Manny Merchan 0-0: Called Strike
0-1: Ground out 3-1 (Groundball, 34S, EV 83.8 MPH)
Batting: RHB Jean-Luc Lemarchand 0-0: SINGLE (Groundball, 4MD, EV 98.8 MPH)
Batting: RHB Tony de la Rosa 0-0: Called Strike
0-1: TRIPLE (Line Drive, 89XD, EV 110.0 MPH)
Jean-Luc Lemarchand scores
Batting: SHB Moises Rodriguez 0-0: Called Strike
0-1: Swinging Strike
0-2: Strikes out looking
Batting: LHB Alex Cruz 0-0: Ball
1-0: Called Strike
1-1: Swinging Strike
1-2: Foul Ball, location: 5SF
1-2: Ball
2-2: Foul Ball, location: 9LMF
2-2: Strikes out looking
Bottom of the 2nd over - 1 run, 2 hits, 0 errors, 1 left on base; Guadalajara 0 - San Jose 1
TOP OF THE 3RD
Guadalajara Hurricanes batting - Pitching for San Jose Mariners : LHP Mel Rivas
Batting: RHB Frank Garcia 0-0: Ball
1-0: Called Strike
1-1: Ball
2-1: Ground out 5-3 (Groundball, 25, EV 85.6 MPH)
Batting: RHB Giambattista Ardinghi 0-0: Swinging Strike
0-1: Called Strike
0-2: Strikes out swinging
Batting: RHB Muhammed Kwasi 0-0: Ball
1-0: Foul Ball, location: 2F
1-1: Ball
2-1: Ground out 6-3 (Groundball, 6, EV 83.8 MPH)
Top of the 3rd over - 0 runs, 0 hits, 0 errors, 0 left on base; Guadalajara 0 - San Jose 1
BOTTOM OF THE 3RD
San Jose Mariners batting - Pitching for Guadalajara Hurricanes : RHP Andres Vega
Batting: LHB Angel Lucatero 0-0: Ball
1-0: Foul Ball, location: 7LSF
1-1: Ground out 4-3 (Groundball, 4M, EV 89.4 MPH)
Batting: LHB Dave Baca 0-0: Ball
1-0: Ball
2-0: Called Strike
2-1: Called Strike
2-2: Ball
3-2: Reached on error, E3 (Groundball, 34, EV 82.5 MPH)
Batting: RHB Omar Ornelas 0-0: Ball
1-0: Fly out, F6 (Popup, 56, EV 61.3 MPH)
Batting: RHB Kieron Harper 0-0: Called Strike
0-1: Ball
1-1: Foul Ball, location: 2F
1-2: Strikes out looking
Bottom of the 3rd over - 0 runs, 0 hits, 1 error, 1 left on base; Guadalajara 0 - San Jose 1
TOP OF THE 4TH
Guadalajara Hurricanes batting - Pitching for San Jose Mariners : LHP Mel Rivas
Batting: LHB Carlos Palacios 0-0: Ball
1-0: Called Strike
1-1: SINGLE (Flyball, 9S, EV 93.1 MPH)
Batting: LHB Ewan Roberts 0-0: Fly out, F6 (Line Drive, 56D, EV 67.5 MPH)
Batting: SHB Danny Rodriguez 0-0: Called Strike
0-1: Ball
1-1: Ball
2-1: DOUBLE (Flyball, 8LXD, EV 103.1 MPH)
Carlos Palacios to third
Batting: LHB Tony Becerril 0-0: Called Strike
0-1: Ball
Wild Pitch!
Carlos Palacios scores
Danny Rodriguez to third
1-1: Foul Ball, location: 2F
1-2: Ball
2-2: Foul Ball, location: 2F
2-2: Ball
3-2: Foul Ball, location: 7LDF
3-2: Strikes out swinging
Batting: RHB Carlos Madera 0-0: Called Strike
0-1: Ball
1-1: Ball
2-1: Swinging Strike
2-2: Strikes out swinging
Top of the 4th over - 1 run, 2 hits, 0 errors, 1 left on base; Guadalajara 1 - San Jose 1
BOTTOM OF THE 4TH
San Jose Mariners batting - Pitching for Guadalajara Hurricanes : RHP Andres Vega
Batting: RHB Manny Merchan 0-0: Called Strike
0-1: Ground out 4-3 (Groundball, 4, EV 80.6 MPH)
Batting: RHB Jean-Luc Lemarchand 0-0: Called Strike
0-1: Ball
1-1: Swinging Strike
1-2: Strikes out swinging
Batting: RHB Tony de la Rosa 0-0: Fly out, F3 (Line Drive, 34, EV 67.5 MPH)
Bottom of the 4th over - 0 runs, 0 hits, 0 errors, 0 left on base; Guadalajara 1 - San Jose 1
TOP OF THE 5TH
Guadalajara Hurricanes batting - Pitching for San Jose Mariners : LHP Mel Rivas
Batting: LHB Elias Antona 0-0: Swinging Strike
0-1: Foul Ball, location: 9LMF
0-2: Ball
1-2: Strikes out swinging
Batting: RHB Frank Garcia 0-0: Called Strike
0-1: Ball
1-1: Foul Ball, location: 9LSF
1-2: Strikes out looking
Batting: RHB Giambattista Ardinghi 0-0: Ball
1-0: SINGLE (Groundball, 4, EV 88.1 MPH) (infield hit)
Batting: RHB Muhammed Kwasi 0-0: Ball
1-0: Foul Ball, location: 2F
1-1: Called Strike
Giambattista Ardinghi steals 2nd base (no throw)
1-2: SINGLE (Groundball, 4MD, EV 101.9 MPH)
Giambattista Ardinghi to third
Runner from 3rd tries for Home, SAFE, throw by CF to home
Muhammed Kwasi to second
Batting: LHB Carlos Palacios 0-0: Called Strike
0-1: Foul Ball, location: 2F
0-2: Ground out 4-3 (Groundball, 4M, EV 103.1 MPH)
Top of the 5th over - 1 run, 2 hits, 0 errors, 1 left on base; Guadalajara 2 - San Jose 1
BOTTOM OF THE 5TH
San Jose Mariners batting - Pitching for Guadalajara Hurricanes : RHP Andres Vega
Batting: SHB Moises Rodriguez 0-0: Called Strike
0-1: Ball
1-1: Foul Ball, location: 9LDF
1-2: Strikes out swinging
Batting: LHB Alex Cruz 0-0: Ball
1-0: Ball
2-0: Swinging Strike
2-1: Called Strike
2-2: Ground out 1-3 (Groundball, 23, EV 75.0 MPH)
Batting: LHB Angel Lucatero 0-0: Ball
1-0: Ball
2-0: Called Strike
2-1: Foul Ball, location: 7LMF
2-2: Ball
3-2: Ground out U3 (Groundball, 34S, EV 79.4 MPH)
Bottom of the 5th over - 0 runs, 0 hits, 0 errors, 0 left on base; Guadalajara 2 - San Jose 1
TOP OF THE 6TH
Guadalajara Hurricanes batting - Pitching for San Jose Mariners : LHP Mel Rivas
Batting: LHB Ewan Roberts 0-0: Ball
1-0: Called Strike
1-1: Called Strike
1-2: Ball
2-2: Ground out 3-1 (Groundball, 34S, EV 83.8 MPH)
Batting: SHB Danny Rodriguez 0-0: Called Strike
0-1: Ball
1-1: Foul Ball, location: 2F
1-2: Ball
2-2: Fly out, F7 (Flyball, 78M, EV 90.0 MPH)
Batting: LHB Tony Becerril 0-0: Ball
1-0: Ball
2-0: Fly out, F7 (Flyball, 78S, EV 92.5 MPH)
Top of the 6th over - 0 runs, 0 hits, 0 errors, 0 left on base; Guadalajara 2 - San Jose 1
BOTTOM OF THE 6TH
San Jose Mariners batting - Pitching for Guadalajara Hurricanes : RHP Andres Vega
Batting: LHB Dave Baca 0-0: Called Strike
0-1: Ball
1-1: Ball
2-1: Ground out 2-3 (Groundball, 15S, EV 73.8 MPH)
Batting: RHB Omar Ornelas 0-0: SINGLE (Flyball, 7LS, EV 93.1 MPH)
Batting: RHB Kieron Harper 0-0: Ball
1-0: Ball
Omar Ornelas is caught stealing 2nd base 2-4
2-0: Ball
3-0: Base on Balls
Batting: RHB Manny Merchan 0-0: Swinging Strike
0-1: Fly out, F9 (Flyball, 89M, EV 93.8 MPH)
Bottom of the 6th over - 0 runs, 1 hit, 0 errors, 1 left on base; Guadalajara 2 - San Jose 1
TOP OF THE 7TH
Guadalajara Hurricanes batting - Pitching for San Jose Mariners : LHP Mel Rivas
Batting: RHB Carlos Madera 0-0: Ball
1-0: Foul Ball, location: 7LSFF
1-1: Called Strike
1-2: Ball
2-2: Foul Ball, location: 3DF
2-2: Fly out, F9 (Flyball, 9LM, EV 106.3 MPH)
Batting: LHB Elias Antona 0-0: Called Strike
0-1: Fly out, F6 (Popup, 6M, EV 52.5 MPH)
Batting: RHB Frank Garcia 0-0: Ball
1-0: Ball
2-0: Called Strike
2-1: Ball
3-1: Base on Balls
Batting: RHB Giambattista Ardinghi 0-0: Fielders Choice at 2nd, 5-4 (Groundball, 5, EV 88.8 MPH)
Top of the 7th over - 0 runs, 0 hits, 0 errors, 1 left on base; Guadalajara 2 - San Jose 1
BOTTOM OF THE 7TH
San Jose Mariners batting - Pitching for Guadalajara Hurricanes : RHP Andres Vega
Batting: RHB Jean-Luc Lemarchand 0-0: Fly out, F4 (Popup, 34D, EV 59.4 MPH)
Pinch Hitting: RHB Byron Green 0-0: Called Strike
0-1: Ball
1-1: Ball
2-1: Ground out 5-3 (Groundball, 56S, EV 91.9 MPH)
Batting: SHB Moises Rodriguez 0-0: Called Strike
0-1: Fly out, F9 (Flyball, 89M, EV 93.8 MPH)
Bottom of the 7th over - 0 runs, 0 hits, 0 errors, 0 left on base; Guadalajara 2 - San Jose 1
TOP OF THE 8TH
Guadalajara Hurricanes batting - Pitching for San Jose Mariners : LHP Mel Rivas
Now at 2B: Byron Green
Batting: RHB Muhammed Kwasi 0-0: Ball
1-0: Ball
2-0: Called Strike
2-1: Ball
3-1: Base on Balls
Batting: LHB Carlos Palacios 0-0: SINGLE (Line Drive, 89S, EV 93.8 MPH)
Muhammed Kwasi to second
Runner from 2nd tries for 3rd, SAFE, no throw by CF
Pitching: RHP Ray Rivera
Batting: LHB Ewan Roberts 0-0: Ground out 4-3 (Groundball, 4, EV 98.8 MPH)
Muhammed Kwasi scores
Carlos Palacios to second
Batting: SHB Danny Rodriguez 0-0: Called Strike
0-1: Fly out, F8 (Flyball, 8LM, EV 91.9 MPH)
Batting: LHB Tony Becerril 0-0: Foul Ball, location: 5FF
0-1: Swinging Strike
0-2: Strikes out looking
Top of the 8th over - 1 run, 1 hit, 0 errors, 1 left on base; Guadalajara 3 - San Jose 1
BOTTOM OF THE 8TH
San Jose Mariners batting - Pitching for Guadalajara Hurricanes : RHP Andres Vega
Now at 1B: Tony Becerril
Now at SS: Hiroshi Shibuya
Batting: LHB Alex Cruz 0-0: Foul Ball, location: 5F
0-1: Foul Ball, location: 3F
0-2: Ball
1-2: Ball
2-2: Foul Ball, location: 7LDF
2-2: SINGLE (Line Drive, 78S, EV 110.6 MPH)
Batting: LHB Angel Lucatero 0-0: Ball
1-0: SINGLE (Line Drive, 7S, EV 86.3 MPH)
Alex Cruz to second
Pitching: RHP Willie Vera
Batting: LHB Dave Baca 0-0: Called Strike
0-1: Called Strike
0-2: Strikes out swinging
Batting: RHB Omar Ornelas 0-0: Called Strike
0-1: Swinging Strike
0-2: Ball
1-2: Ball
2-2: Fielders Choice at 2nd, 5-4 (Groundball, 5, EV 88.8 MPH)
Alex Cruz to third
Batting: LHB Javier Krommendijk 0-0: Ball
1-0: Ball
2-0: Foul Ball, location: 3FF
2-1: Ball
3-1: Ground out U3 (Groundball, 3L, EV 100.0 MPH)
Bottom of the 8th over - 0 runs, 2 hits, 0 errors, 2 left on base; Guadalajara 3 - San Jose 1
TOP OF THE 9TH
Guadalajara Hurricanes batting - Pitching for San Jose Mariners : RHP Ray Rivera
Pinch Hitting: LHB Hector Rivera 0-0: Foul Ball, location: 7LMFF
0-1: Ball
1-1: Ground out 4-3 (Groundball, 4, EV 82.5 MPH)
Batting: LHB Elias Antona 0-0: Swinging Strike
0-1: Foul Ball, location: 9LMF
0-2: Ball
1-2: Strikes out swinging
Batting: RHB Frank Garcia 0-0: Ball
1-0: Called Strike
1-1: Swinging Strike
1-2: Ground out 6-3 (Groundball, 6MD, EV 110.0 MPH)
Top of the 9th over - 0 runs, 0 hits, 0 errors, 0 left on base; Guadalajara 3 - San Jose 1
BOTTOM OF THE 9TH
San Jose Mariners batting - Pitching for Guadalajara Hurricanes : RHP Willie Vera
Pitching: LHP Jacob Guthrie
Now in LF: Hector Rivera
Batting: RHB Manny Merchan 0-0: Fly out, F4 (Line Drive, 4M, EV 67.5 MPH)
Batting: RHB Jean-Luc Lemarchand 0-0: Foul Ball, location: 2F
0-1: Ball
1-1: Called Strike
1-2: Foul Ball, location: 5F
1-2: Foul Ball, location: 2F
1-2: Fly out, F7 (Flyball, 7LM, EV 93.1 MPH)
Batting: RHB Byron Green 0-0: Ball
1-0: Ball
2-0: Called Strike
2-1: Fly out, F6 (Popup, 6MD, EV 61.3 MPH)
Bottom of the 9th over - 0 runs, 0 hits, 0 errors, 0 left on base; Guadalajara 3 - San Jose 1
Wednesday, August 28th , 2024 - OOTP Baseball 25.8 Build 87